[Event "Najdorf Memorial-A 2022"]
[Site "Warsaw"]
[Date "2022.07.10"]
[Round "2.13"]
[White "Hackner, Oskar A"]
[Black "Zalega, Maciej"]
[Result "0-1"]
[ECO "A05"]
[WhiteElo "2178"]
[BlackElo "1912"]
[Annotator "RC"]
[PlyCount "102"]
[EventDate "2022.07.09"]
[EventType "swiss"]
[EventCountry "POL"]
[SourceTitle "playchess.com"]
[Source "ChessBase"]
[SourceQuality "1"]
[TimeControl "40/5400+30:1800+30"]

1. Nf3 Nf6 2. b4 e6 3. a3 d5 4. e3 Bd6 5. Bb2 O-O 6. c4 c5 7. bxc5 Bxc5 8. d4 Be7 9. Nbd2 Nc6 10. Bd3 dxc4 11. Nxc4 b5 12. Ncd2 Qb6 13. O-O Bd7 14. Qe2 a6 15. Rfc1 Rfc8 16. Nb3 Na5 17. Nxa5 Qxa5 18. Ne5 Be8 19. f4 Nd5 20. f5 Bg5 21. Rxc8 Rxc8 22. e4 Nf4 23. Qd1 exf5 24. exf5 Nxd3 25. Qxd3 Qd2 26. Qxd2 Bxd2 27. Nf3 Rc2 28. Nxd2 Rxb2 29. Re1 Kf8 30. Nf3 Bc6 31. Ne5 Rxg2+ 32. Kf1 Rc2 33. d5 Be8 34. f6 gxf6 35. Ng4 Rc4 36. Ne3 Rd4 37. Rc1 f5 38. Rc8 f4 39. Ng4 Ke7 40. Ra8 Bd7 41. Nh6 Ra4 42. Ra7 Rxa3 43. Nxf7 Kxf7 44. Rxd7+ Kf6 45. Rxh7 Ke5 46. Rd7 b4 47. d6 b3 48. Ke2 Ra2+ 49. Kd3 Rxh2 50. Rb7 Kxd6 51. Rb6+ Ke5 0-1

[Event "Najdorf Memorial-A 2022"]
[Site "Warsaw"]
[Date "2022.07.10"]
[Round "2.13"]
[White "Rozumek, Krzysztof"]
[Black "Padalka, Artem"]
[Result "0-1"]
[ECO "A00"]
[WhiteElo "1801"]
[BlackElo "2204"]
[Annotator "RC"]
[PlyCount "96"]
[EventDate "2022.07.09"]
[EventType "swiss"]
[EventCountry "POL"]
[SourceTitle "playchess.com"]
[Source "ChessBase"]
[SourceQuality "1"]
[TimeControl "40/5400+30:1800+30"]

1. h3 e5 2. c3 d6 3. e4 Nf6 4. d3 g6 5. Be3 Bg7 6. Nf3 O-O 7. Qd2 d5 8. Nxe5 Qe7 9. Ng4 Bxg4 10. hxg4 dxe4 11. g5 Nd5 12. d4 Nd7 13. Bc4 N7b6 14. Bb3 Rad8 15. Qe2 c5 16. dxc5 Nxe3 17. cxb6 Nxg2+ 18. Kf1 Nf4 19. Qg4 Nd3 20. Qh3 Rfe8 21. bxa7 Qxg5 22. Qe3 Qxe3 23. fxe3 Ra8 24. Ke2 Rxa7 25. Nd2 Nxb2 26. Raf1 b5 27. Rh4 Na4 28. Nxe4 Rxe4 29. Rxe4 Nxc3+ 30. Kf3 Nxe4 31. Kxe4 b4 32. Rd1 Bc3 33. Kf3 Kg7 34. e4 h5 35. Rd8 Be5 36. Rd5 f6 37. Rb5 Bc3 38. Bd5 Kh6 39. Rb8 Rc7 40. Rb6 Rc5 41. Rc6 Rxc6 42. Bxc6 Be5 43. Bd7 g5 44. Bf5 g4+ 45. Kf2 Kg5 46. Kg2 h4 47. Be6 h3+ 48. Kh1 Kh4 0-1

[Event "Najdorf Memorial-A 2022"]
[Site "Warsaw"]
[Date "2022.07.10"]
[Round "2.14"]
[White "Adamski, Jan"]
[Black "Lasota, Adam"]
[Result "1/2-1/2"]
[ECO "E17"]
[WhiteElo "2136"]
[BlackElo "1892"]
[Annotator "NA RC"]
[PlyCount "79"]
[EventDate "2022.07.09"]
[EventType "swiss"]
[EventCountry "POL"]
[SourceTitle "playchess.com"]
[Source "ChessBase"]
[SourceQuality "1"]
[TimeControl "40/5400+30:1800+30"]

1. Nf3 b6 2. g3 Bb7 3. Bg2 e6 4. c4 Nf6 5. d4 Be7 6. Nc3 O-O 7. Qc2 Bb4 8. Bg5 Bxc3+ 9. Qxc3 Be4 10. O-O h6 11. Bxf6 Qxf6 12. Rac1 Nc6 13. Rfd1 Rad8 14. d5 Qxc3 15. Rxc3 Bxf3 16. Bxf3 Ne5 17. Bg2 d6 18. b4 g5 19. Rdc1 Nd7 20. Ra3 a5 21. bxa5 e5 22. axb6 cxb6 23. Ra7 f5 24. Rb1 e4 25. g4 fxg4 26. Bxe4 Rf7 27. a4 Rf4 28. Bd3 Rf7 29. Bg6 Rf4 30. a5 bxa5 31. Rbb7 Ne5 32. Bd3 Rf7 33. Rxf7 Nxf7 34. Rxa5 Kg7 35. c5 dxc5 36. Rxc5 Ne5 37. Be4 Kf6 38. Rb5 Nf7 39. Rb6+ Nd6 40. Bd3 1/2-1/2

[Event "Najdorf Memorial-A 2022"]
[Site "Warsaw"]
[Date "2022.07.10"]
[Round "2.14"]
[White "Kotowicz, Kamil"]
[Black "Kaczmarek, Arkadiusz"]
[Result "1/2-1/2"]
[ECO "D24"]
[WhiteElo "1770"]
[BlackElo "2147"]
[Annotator "NA RC"]
[PlyCount "26"]
[EventDate "2022.07.09"]
[EventType "swiss"]
[EventCountry "POL"]
[SourceTitle "playchess.com"]
[Source "ChessBase"]
[SourceQuality "1"]
[TimeControl "40/5400+30:1800+30"]

1. d4 d5 2. Nf3 Nf6 3. c4 dxc4 4. Nc3 a6 5. a4 Nc6 6. e4 Na5 7. Ne5 c5 8. d5 e6 9. Nxc4 exd5 10. exd5 Nxc4 11. Bxc4 Bd6 12. Bg5 Qe7+ 13. Qe2 Qxe2+ 1/2-1/2

[Event "Najdorf Memorial-A 2022"]
[Site "Warsaw"]
[Date "2022.07.10"]
[Round "2.15"]
[White "Dalkowski, Rafal"]
[Black "Wolski, Jaroslaw"]
[Result "1-0"]
[ECO "E81"]
[WhiteElo "2120"]
[BlackElo "1889"]
[Annotator "NA RC"]
[PlyCount "99"]
[EventDate "2022.07.09"]
[EventType "swiss"]
[EventCountry "POL"]
[SourceTitle "playchess.com"]
[Source "ChessBase"]
[SourceQuality "1"]
[TimeControl "40/5400+30:1800+30"]

1. d4 Nf6 2. c4 g6 3. Nc3 Bg7 4. e4 O-O 5. f3 d6 6. Nge2 Nc6 7. Be3 e5 8. d5 Na5 9. Nc1 c5 10. dxc6 bxc6 11. b4 Nb7 12. g4 Be6 13. Nb3 d5 14. cxd5 cxd5 15. Ba6 d4 16. Bxb7 Rb8 17. Nc5 Nd7 18. Bd5 dxe3 19. O-O Nxc5 20. bxc5 Qc7 21. c6 Qb6 22. Kh1 Bh6 23. Qc2 Qc5 24. Rac1 Bf4 25. a4 Qa3 26. Rb1 Qc5 27. Qd3 Qa3 28. Bxe6 Rxb1 29. Rxb1 fxe6 30. Qc4 e2 31. c7 e1=Q+ 32. Rxe1 Qb2 33. Re2 Qc1+ 34. Kg2 Be3 35. Rxe3 Qxe3 36. Qxe6+ Kg7 37. Qe7+ Rf7 38. Qxf7+ Kxf7 39. c8=Q Qd2+ 40. Kf1 Qc1+ 41. Ke2 Qc2+ 42. Ke3 Qxh2 43. Kd3 Qf4 44. Qb7+ Kg8 45. Qb8+ Kg7 46. Qxa7+ Kg8 47. Qe3 Qf8 48. Ke2 Qa3 49. Qd2 Qa1 50. Qa2+ 1-0

[Event "Najdorf Memorial-A 2022"]
[Site "Warsaw"]
[Date "2022.07.10"]
[Round "2.15"]
[White "Jaskiewicz, Kacper"]
[Black "Musial, Tomasz"]
[Result "1/2-1/2"]
[ECO "C11"]
[WhiteElo "1756"]
[BlackElo "2131"]
[Annotator "NA RC"]
[PlyCount "47"]
[EventDate "2022.07.09"]
[EventType "swiss"]
[EventCountry "POL"]
[SourceTitle "playchess.com"]
[Source "ChessBase"]
[SourceQuality "1"]
[TimeControl "40/5400+30:1800+30"]

1. e4 e6 2. d4 d5 3. Nc3 Nf6 4. Bg5 dxe4 5. Nxe4 Be7 6. Bxf6 gxf6 7. Nf3 f5 8. Nc3 a6 9. g3 b5 10. Bg2 Bb7 11. O-O c5 12. d5 b4 13. dxe6 bxc3 14. exf7+ Kf8 15. Qe2 Qb6 16. Rfe1 Qf6 17. Rad1 Ra7 18. Ng5 Qxg5 19. Qe5 Kxf7 20. Qxh8 Bxg2 21. Qxh7+ Qg7 22. Qxf5+ Qf6 23. Qh7+ Qg7 24. Qf5+ 1/2-1/2

[Event "Najdorf Memorial-A 2022"]
[Site "Warsaw"]
[Date "2022.07.10"]
[Round "2.16"]
[White "Pires, Emanuel Joao Robarts"]
[Black "Celinski, Kamil"]
[Result "1-0"]
[ECO "C47"]
[WhiteElo "2062"]
[BlackElo "1876"]
[Annotator "RC"]
[PlyCount "141"]
[EventDate "2022.07.09"]
[EventType "swiss"]
[EventCountry "POL"]
[SourceTitle "playchess.com"]
[Source "ChessBase"]
[SourceQuality "1"]
[TimeControl "40/5400+30:1800+30"]

1. e4 e5 2. Bc4 Nf6 3. Nf3 Nc6 4. Nc3 Nxe4 5. O-O Be7 6. Nxe4 d5 7. Bd3 dxe4 8. Bxe4 Qd6 9. Re1 Bg4 10. h3 Bxf3 11. Qxf3 O-O 12. c3 f5 13. Bxc6 bxc6 14. d4 e4 15. Qe2 Rae8 16. b3 Qg6 17. Bf4 Bg5 18. Qc4+ Kh8 19. Bxg5 Qxg5 20. Qxc6 Re7 21. Qc5 Rfe8 22. Re3 Qf6 23. f4 g5 24. Rf1 Rg7 25. fxg5 Qxg5 26. Re2 Rf7 27. Qd5 Qg6 28. Rf4 c6 29. Qc5 Ree7 30. d5 cxd5 31. Qxd5 Rd7 32. Qe5+ Kg8 33. Qe8+ Kg7 34. Qe5+ Kg8 35. Rf1 Rd3 36. c4 Rxh3 37. Rxe4 Rg3 38. Re2 h5 39. Rd1 Kh7 40. c5 Rg7 41. Rdd2 h4 42. c6 Qxc6 43. Qxf5+ Qg6 44. Qxg6+ R3xg6 45. Re3 Rg4 46. Kh2 a5 47. a3 Rb7 48. Kh3 Rbg7 49. Rb2 a4 50. bxa4 Rxa4 51. Rb4 Rga7 52. Rxh4+ Rxh4+ 53. Kxh4 Kg6 54. Rf3 Ra5 55. Kg3 Kg5 56. Kf2 Rb5 57. Ke3 Rb2 58. Kd4 Rxg2 59. Kc4 Rg1 60. a4 Ra1 61. Kb5 Rb1+ 62. Ka6 Kg6 63. a5 Kg7 64. Ka7 Rb5 65. a6 Rb4 66. Ka8 Rb2 67. a7 Rb1 68. Rc3 Kh6 69. Rc8 Kh5 70. Rb8 Rg1 71. Rh8+ 1-0

[Event "Najdorf Memorial-A 2022"]
[Site "Warsaw"]
[Date "2022.07.10"]
[Round "2.16"]
[White "Niezhentsev, Kyrylo"]
[Black "Raczek, Krzysztof"]
[Result "1/2-1/2"]
[ECO "B23"]
[WhiteElo "1721"]
[BlackElo "2114"]
[Annotator "RC"]
[PlyCount "148"]
[EventDate "2022.07.09"]
[EventType "swiss"]
[EventCountry "POL"]
[SourceTitle "playchess.com"]
[Source "ChessBase"]
[SourceQuality "1"]
[TimeControl "40/5400+30:1800+30"]

1. e4 c5 2. Nc3 g6 3. Nf3 Bg7 4. d4 cxd4 5. Nxd4 Nc6 6. Be3 Nf6 7. Nxc6 bxc6 8. e5 Nd5 9. Nxd5 cxd5 10. Qxd5 Rb8 11. O-O-O O-O 12. Bxa7 Rb7 13. Bd4 Rc7 14. Qb3 Bb7 15. f3 Qa8 16. Bb6 Rc6 17. a3 Rfc8 18. Bd3 Bxe5 19. Rhe1 Bf6 20. Be4 d5 21. Bd3 Ba6 22. Bd4 Bxd4 23. Bxa6 Rb6 24. Bb5 Qa5 25. a4 e6 26. h4 Bf6 27. h5 Rcb8 28. c3 Qa7 29. hxg6 hxg6 30. Qb4 Qc7 31. Kb1 Kg7 32. f4 R8b7 33. g4 g5 34. fxg5 Bxg5 35. Qd4+ Bf6 36. Qd3 Qb8 37. Rh1 Kf8 38. Rdf1 Bg7 39. Qe3 Qd6 40. Rh7 e5 41. Rh5 Qg6+ 42. Rff5 Qd6 43. Qh3 Rb8 44. Rh8+ Ke7 45. Qh4+ Bf6 46. Rxb8 Rxb8 47. g5 Bg7 48. Qf2 Rf8 49. Qa7+ Ke6 50. Rf1 Qe7 51. Qf2 f5 52. gxf6 Rxf6 53. Qb6+ Qd6 54. Rxf6+ Bxf6 55. Qb7 Bd8 56. Qg7 e4 57. Qg6+ Ke5 58. Qg3+ Ke6 59. Qxd6+ Kxd6 60. Kc2 Bb6 61. Kd1 d4 62. cxd4 Bxd4 63. b3 Bc3 64. Ke2 Kc5 65. Ke3 Ba5 66. Kxe4 Kb4 67. Bc4 Kc3 68. Kd5 Kb4 69. Kc6 Bd8 70. Kb7 Ka5 71. b4+ Kxb4 72. a5 Kxa5 73. Bb5 Bc7 74. Kxc7 Kxb5 1/2-1/2

[Event "Najdorf Memorial-A 2022"]
[Site "Warsaw"]
[Date "2022.07.10"]
[Round "2.17"]
[White "Szewczyk, Mariusz"]
[Black "Siekanska, Zuzanna"]
[Result "0-1"]
[ECO "C50"]
[WhiteElo "2103"]
[BlackElo "1712"]
[Annotator "RC"]
[PlyCount "118"]
[EventDate "2022.07.09"]
[EventType "swiss"]
[EventCountry "POL"]
[SourceTitle "playchess.com"]
[Source "ChessBase"]
[SourceQuality "1"]
[TimeControl "40/5400+30:1800+30"]

1. e4 e5 2. Nf3 Nc6 3. Bc4 Nf6 4. d3 Bc5 5. O-O O-O 6. h3 d5 7. exd5 Nxd5 8. Re1 Be6 9. c3 h6 10. Nbd2 Bd6 11. Bb3 Nf4 12. Bxe6 Nxe6 13. Nc4 Qf6 14. Qe2 Rad8 15. Be3 Nf4 16. Bxf4 Qxf4 17. Rad1 Rfe8 18. Qe4 Qxe4 19. dxe4 f6 20. Nxd6 cxd6 21. Re2 Rd7 22. Red2 Red8 23. Nh4 Ne7 24. c4 Kf7 25. g3 g5 26. Ng2 f5 27. f3 Ke6 28. Kf2 fxe4 29. fxe4 Rf8+ 30. Kg1 Nc6 31. Rf1 Rxf1+ 32. Kxf1 Rf7+ 33. Rf2 Rxf2+ 34. Kxf2 Nb4 35. Kf3 Nd3 36. b3 Nc1 37. Kg4 Nxa2 38. Kh5 a5 39. Kxh6 Nc1 40. Kxg5 Nxb3 41. Kg6 a4 42. Ne1 Nd4 43. Nd3 Ne2 44. c5 a3 45. cxd6 a2 46. Nc5+ Kxd6 47. Nb3 Nxg3 48. h4 Nxe4 49. Kf5 Kd5 50. Na1 Nd6+ 51. Kg6 Ke6 52. Kg5 Nf5 53. h5 e4 54. Kf4 e3 55. h6 e2 56. h7 e1=Q 57. h8=Q Qe3+ 58. Kg4 Qg3+ 59. Kh5 Qh4+ 0-1

[Event "Najdorf Memorial-A 2022"]
[Site "Warsaw"]
[Date "2022.07.10"]
[Round "2.17"]
[White "Liberadzki, Slawomir"]
[Black "Zelak, Wladyslaw"]
[Result "1-0"]
[ECO "A22"]
[WhiteElo "2035"]
[BlackElo "1866"]
[Annotator "NA RC"]
[PlyCount "87"]
[EventDate "2022.07.09"]
[EventType "swiss"]
[EventCountry "POL"]
[SourceTitle "playchess.com"]
[Source "ChessBase"]
[SourceQuality "1"]
[TimeControl "40/5400+30:1800+30"]

1. c4 e5 2. Nc3 Nf6 3. g3 d5 4. cxd5 Nxd5 5. Bg2 Nb6 6. Nf3 Nc6 7. O-O Be7 8. a3 g5 9. d3 g4 10. Nd2 h5 11. Nc4 h4 12. Be3 Nxc4 13. dxc4 Nd4 14. Nd5 Nf5 15. Nxe7 Qxe7 16. Qb3 c6 17. Rfd1 f6 18. Rd2 Be6 19. Rad1 Kf7 20. Be4 Rh5 21. Bc5 Qc7 22. Bd6 Qb6 23. Qxb6 axb6 24. Bc7 hxg3 25. hxg3 Bxc4 26. Bxb6 Bd5 27. Rxd5 cxd5 28. Rxd5 Rc8 29. Rc5 Rxc5 30. Bxc5 Nd4 31. Bxb7 Nxe2+ 32. Kf1 Nd4 33. a4 Nf3 34. Ke2 Ke6 35. a5 Nd4+ 36. Kd3 Kd7 37. a6 Kc7 38. Bd5 Nc6 39. b4 e4+ 40. Bxe4 Re5 41. a7 Re8 42. b5 Ne5+ 43. Kc3 Nd7 44. b6+ 1-0

[Event "Najdorf Memorial-A 2022"]
[Site "Warsaw"]
[Date "2022.07.10"]
[Round "2.18"]
[White "Murchadha, Oissine"]
[Black "Hemmerling, Jaroslaw"]
[Result "0-1"]
[ECO "C11"]
[WhiteElo "1984"]
[BlackElo "1854"]
[Annotator "RC"]
[PlyCount "153"]
[EventDate "2022.07.09"]
[EventType "swiss"]
[EventCountry "POL"]
[SourceTitle "playchess.com"]
[Source "ChessBase"]
[SourceQuality "1"]
[TimeControl "40/5400+30:1800+30"]

1. e4 e6 2. d4 d5 3. Nc3 Nf6 4. e5 Nfd7 5. Nce2 c5 6. c3 Nc6 7. Nf3 cxd4 8. cxd4 Bb4+ 9. Bd2 Qb6 10. g3 O-O 11. Bg2 Bxd2+ 12. Qxd2 Qb4 13. O-O Qxd2 14. Nxd2 b6 15. Rfc1 Bb7 16. f4 Rfc8 17. Nf3 Nb4 18. Ne1 Ba6 19. Nc3 Nc6 20. Nf3 Nb4 21. Ne1 Nc6 22. Rd1 Na5 23. Rac1 Nc4 24. Bf1 Nxb2 25. Bxa6 Nxd1 26. Bxc8 Rxc8 27. Ne2 Rxc1 28. Nxc1 Nc3 29. Kf2 Nb8 30. Ke3 Nc6 31. Kd3 Nb5 32. Nc2 Kf8 33. a4 Nc7 34. Kc3 Ke7 35. Ne2 Kd7 36. Ne3 b5 37. axb5 Nxb5+ 38. Kd3 a5 39. Nc2 Kc7 40. Nc3 Nxc3 41. Kxc3 Kb6 42. Kb3 h5 43. Ka4 Ka6 44. Kb3 Kb5 45. Na3+ Ka6 46. Nc2 Na7 47. Ka4 Nb5 48. Kb3 Kb6 49. h3 Ka6 50. g4 hxg4 51. hxg4 g6 52. Kb2 a4 53. f5 gxf5 54. gxf5 exf5 55. Nb4+ Ka5 56. Nc6+ Kb6 57. Ne7 Nxd4 58. Nxd5+ Kc5 59. Nf4 Kb5 60. Ka3 Ka5 61. Ng2 Nc6 62. Ne3 Nxe5 63. Nxf5 Nc4+ 64. Ka2 Kb4 65. Ne7 Kc3 66. Nd5+ Kd4 67. Ne7 Ke4 68. Kb1 f5 69. Kc2 f4 70. Nc6 f3 71. Kd1 a3 72. Nb4 Nb2+ 73. Kd2 Nc4+ 74. Kd1 Ke3 75. Nc2+ Kf2 76. Kc1 Kg1 77. Nd4 0-1

[Event "Najdorf Memorial-A 2022"]
[Site "Warsaw"]
[Date "2022.07.10"]
[Round "2.19"]
[White "Harazinska, Magdalena"]
[Black "Hertlein, Irena"]
[Result "1/2-1/2"]
[ECO "E32"]
[WhiteElo "1976"]
[BlackElo "1850"]
[Annotator "NA RC"]
[PlyCount "62"]
[EventDate "2022.07.09"]
[EventType "swiss"]
[EventCountry "POL"]
[SourceTitle "playchess.com"]
[Source "ChessBase"]
[SourceQuality "1"]
[TimeControl "40/5400+30:1800+30"]

1. d4 Nf6 2. c4 e6 3. Nc3 Bb4 4. Qc2 O-O 5. e4 d5 6. cxd5 exd5 7. e5 Ne4 8. Bd3 c5 9. Bxe4 dxe4 10. dxc5 Nc6 11. Nge2 Qd3 12. Qxd3 exd3 13. Nf4 Nxe5 14. Be3 Bxc3+ 15. bxc3 Bf5 16. O-O Rfd8 17. Bd4 Nc4 18. Rab1 a5 19. g4 Bxg4 20. Nxd3 Nd2 21. Ne5 Nxb1 22. Rxb1 Bc8 23. Nc4 Ra6 24. Nd6 Raxd6 25. cxd6 Rxd6 26. Rb5 Bh3 27. Rxa5 Rg6+ 28. Kh1 Bg2+ 29. Kg1 b6 30. Re5 Bh3+ 31. Kh1 Bg2+ 1/2-1/2

[Event "Najdorf Memorial-A 2022"]
[Site "Warsaw"]
[Date "2022.07.11"]
[Round "3.1"]
[White "Noe, Christopher"]
[Black "Chomczyk, Marek"]
[Result "1/2-1/2"]
[ECO "E71"]
[WhiteElo "2505"]
[BlackElo "2290"]
[Annotator "ChessBase"]
[PlyCount "80"]
[EventDate "2022.07.09"]
[EventType "swiss"]
[EventCountry "POL"]
[SourceTitle "playchess.com"]
[Source "ChessBase"]
[SourceQuality "1"]
[TimeControl "40/5400+30:1800+30"]

1. d4 Nf6 2. c4 g6 3. Nc3 Bg7 4. e4 d6 5. h3 O-O 6. Be3 e5 7. d5 Na6 8. g4 Nc5 9. f3 a5 10. Qd2 c6 11. Nge2 a4 12. Ng3 h5 13. Bg5 h4 14. Nge2 Qa5 15. Bxh4 b5 16. Ng3 bxc4 17. dxc6 Rb8 18. Bxc4 Be6 19. Be2 d5 20. g5 Rfd8 21. gxf6 dxe4 22. Qc1 Bf8 23. O-O exf3 24. Rxf3 Rdc8 25. Bg5 Rxc6 26. Bh6 Qb6 27. Kh2 e4 28. Bxf8 Kxf8 29. Qh6+ Ke8 30. Ncxe4 Nxe4 31. Nxe4 Rc2 32. Rd1 Rxe2+ 33. Kg3 Bd5 34. Qh8+ Kd7 35. Qh4 Qc7+ 36. Qf4 Qxf4+ 37. Rxf4 Kc6 38. Rc1+ Kd7 39. Rd1 Kc6 40. Rc1+ Kd7 1/2-1/2

[Event "Najdorf Memorial-A 2022"]
[Site "Warsaw"]
[Date "2022.07.11"]
[Round "3.1"]
[White "Iwanczuk, Krzysztof"]
[Black "Dalkowski, Rafal"]
[Result "0-1"]
[ECO "B12"]
[WhiteElo "1947"]
[BlackElo "2120"]
[Annotator "ChessBase"]
[PlyCount "86"]
[EventDate "2022.07.09"]
[EventType "swiss"]
[EventCountry "POL"]
[SourceTitle "playchess.com"]
[Source "ChessBase"]
[SourceQuality "1"]
[TimeControl "40/5400+30:1800+30"]

1. e4 c6 2. d4 d5 3. e5 Bf5 4. h4 h5 5. Bd3 Bxd3 6. Qxd3 e6 7. Nf3 Ne7 8. Bg5 Nd7 9. Nbd2 Qc7 10. c4 O-O-O 11. O-O f6 12. Bf4 dxc4 13. Qxc4 Nd5 14. Bh2 f5 15. Ng5 N7b6 16. Qc2 Qd7 17. Nb3 Kb8 18. Rfd1 Na8 19. Rac1 Nac7 20. Nc5 Qe8 21. Qa4 Rc8 22. Rd3 b6 23. Rb3 Ka8 24. Nd3 Kb7 25. Nc5+ Ka8 26. Nd3 Kb7 27. Qc4 Be7 28. Nc5+ Bxc5 29. dxc5 b5 30. a4 Nb6 31. Qb4 Nbd5 32. Qa5 a6 33. Nf3 Rg8 34. Nd2 Ka7 35. axb5 cxb5 36. Nf3 b4 37. c6 Nb5 38. Nd4 Nxd4 39. Qc5+ Ka8 40. Qxd4 Rxc6 41. Ra1 Qc8 42. Bf4 Rc4 43. Qd3 Nxf4 0-1

[Event "Najdorf Memorial-A 2022"]
[Site "Warsaw"]
[Date "2022.07.11"]
[Round "3.2"]
[White "Golecki, Jan"]
[Black "Jarmula, Lukasz"]
[Result "0-1"]
[ECO "B07"]
[WhiteElo "2219"]
[BlackElo "2452"]
[Annotator "ChessBase"]
[PlyCount "94"]
[EventDate "2022.07.09"]
[EventType "swiss"]
[EventCountry "POL"]
[SourceTitle "playchess.com"]
[Source "ChessBase"]
[SourceQuality "1"]
[TimeControl "40/5400+30:1800+30"]

1. e4 d6 2. d4 Nf6 3. Nc3 e5 4. dxe5 dxe5 5. Qxd8+ Kxd8 6. Bc4 Ke8 7. Nf3 Bd6 8. h3 a6 9. a3 b5 10. Bd3 Nbd7 11. Bg5 h6 12. Be3 Bb7 13. b4 c5 14. bxc5 Nxc5 15. Rd1 Nxd3+ 16. Rxd3 Ke7 17. O-O Nxe4 18. Nh4 g6 19. Rfd1 Nxc3 20. Rxc3 e4 21. Rb3 Bc8 22. Bd4 Rg8 23. Re3 f5 24. g4 Bb7 25. f3 Rac8 26. fxe4 fxe4 27. Nf3 Bc5 28. Bxc5+ Rxc5 29. Rd4 Rxc2 30. Nd2 Rd8 31. Rxd8 Kxd8 32. Nxe4 Kc7 33. h4 Bxe4 34. Rxe4 Rc4 35. Re7+ Kd6 36. Ra7 Rxg4+ 37. Kf2 Ra4 38. Rg7 Rxa3 39. Rxg6+ Kc5 40. Ke2 a5 41. Rxh6 Rh3 42. h5 a4 43. Kd2 Kb4 44. Kc1 a3 45. Rg6 Rh1+ 46. Kc2 a2 47. Rg4+ Ka5 0-1

[Event "Najdorf Memorial-A 2022"]
[Site "Warsaw"]
[Date "2022.07.11"]
[Round "3.2"]
[White "Zalega, Maciej"]
[Black "Szewczyk, Mariusz"]
[Result "1/2-1/2"]
[ECO "C54"]
[WhiteElo "1912"]
[BlackElo "2103"]
[Annotator "ChessBase"]
[PlyCount "88"]
[EventDate "2022.07.09"]
[EventType "swiss"]
[EventCountry "POL"]
[SourceTitle "playchess.com"]
[Source "ChessBase"]
[SourceQuality "1"]
[TimeControl "40/5400+30:1800+30"]

1. e4 e5 2. Nf3 Nc6 3. Bc4 Bc5 4. c3 Nf6 5. d4 exd4 6. b4 Bb6 7. e5 d5 8. exf6 dxc4 9. Qe2+ Be6 10. b5 Nb8 11. fxg7 Rg8 12. cxd4 Bxd4 13. Nxd4 Qxd4 14. Bb2 Qd3 15. Nc3 Nd7 16. Ne4 O-O-O 17. Qxd3 cxd3 18. O-O-O Bc4 19. Nf6 Nxf6 20. Bxf6 Rd5 21. g4 Bxa2 22. Kb2 Bc4 23. Rhe1 Bxb5 24. Re3 Rd6 25. g5 Rb6 26. Kc3 Rc6+ 27. Kb4 a6 28. Rh3 Rc2 29. Rhxd3 c5+ 30. Ka3 Bxd3 31. Rxd3 Re2 32. Rh3 Kd7 33. Rxh7 Ree8 34. Rh3 b5 35. Rf3 Re4 36. Re3 Rf4 37. Rd3+ Ke6 38. Rd8 Rf3+ 39. Kb2 Rxf2+ 40. Kc1 Rxg7 41. Bxg7 Rxh2 42. Bf6 b4 43. Ra8 Ra2 44. Kb1 b3 1/2-1/2

[Event "Najdorf Memorial-A 2022"]
[Site "Warsaw"]
[Date "2022.07.11"]
[Round "3.3"]
[White "Pacan-Milej, Kosma"]
[Black "Fiszer, Bartosz"]
[Result "1-0"]
[ECO "E71"]
[WhiteElo "2412"]
[BlackElo "2228"]
[Annotator "ChessBase"]
[PlyCount "85"]
[EventDate "2022.07.09"]
[EventType "swiss"]
[EventCountry "POL"]
[SourceTitle "playchess.com"]
[Source "ChessBase"]
[SourceQuality "1"]
[TimeControl "40/5400+30:1800+30"]

1. d4 Nf6 2. c4 g6 3. Nc3 Bg7 4. e4 d6 5. h3 O-O 6. Be3 c5 7. d5 e6 8. Nf3 exd5 9. exd5 Re8 10. Bd3 Nh5 11. O-O f5 12. Bg5 Bf6 13. Bxf6 Qxf6 14. Re1 Rxe1+ 15. Qxe1 Bd7 16. Qd2 Na6 17. Re1 Re8 18. Rxe8+ Bxe8 19. a3 Bd7 20. Ne2 b6 21. Kh2 Kg7 22. Ng3 Nxg3 23. fxg3 h6 24. b4 g5 25. b5 Nc7 26. a4 Ne8 27. a5 Qa1 28. axb6 axb6 29. Qc2 Kf6 30. h4 f4 31. hxg5+ hxg5 32. gxf4 g4 33. Ng5 Ke7 34. Bf5 Nf6 35. Qe2+ Kd8 36. Bxd7 Kxd7 37. Qe6+ Kc7 38. Nf7 Qd4 39. Qxd6+ Kb7 40. Qc6+ Ka7 41. Qc7+ Ka8 42. Nd8 g3+ 43. Kh3 1-0

[Event "Najdorf Memorial-A 2022"]
[Site "Warsaw"]
[Date "2022.07.11"]
[Round "3.3"]
[White "Lewandrowski, Tomasz"]
[Black "Pires, Emanuel Joao Robarts"]
[Result "1/2-1/2"]
[ECO "D00"]
[WhiteElo "1902"]
[BlackElo "2062"]
[Annotator "ChessBase"]
[PlyCount "161"]
[EventDate "2022.07.09"]
[EventType "swiss"]
[EventCountry "POL"]
[SourceTitle "playchess.com"]
[Source "ChessBase"]
[SourceQuality "1"]
[TimeControl "40/5400+30:1800+30"]

1. d4 d5 2. Nc3 Nf6 3. Bf4 c6 4. e3 Bf5 5. f3 e6 6. g4 Bg6 7. h4 h6 8. Bd3 Bxd3 9. Qxd3 Bd6 10. Nge2 Qc7 11. Bxd6 Qxd6 12. O-O-O Nbd7 13. g5 Nh5 14. e4 Nf4 15. Qe3 Nxe2+ 16. Nxe2 O-O-O 17. e5 Qb4 18. g6 fxg6 19. Nf4 Nf8 20. Rdg1 Rd7 21. Nxg6 Nxg6 22. Rxg6 Rf7 23. Qd3 Rhf8 24. a3 Qe7 25. Rh3 Rf4 26. h5 R8f7 27. c3 R7f5 28. Rhg3 Qh4 29. Rxg7 Qxh5 30. Rg8+ Kc7 31. R8g7+ Kc8 32. Rg8+ Kc7 33. R8g7+ Kb6 34. Qd1 Rf7 35. Qb3+ Kc7 36. Qb4 Qf5 37. Qf8 Kb6 38. Rxf7 Qxf7 39. Qxh6 Rxf3 40. Rxf3 Qxf3 41. Qf6 Qh3 42. Qf8 Ka6 43. Kb1 Kb6 44. Ka2 Qd3 45. Qc5+ Ka6 46. a4 Qc2 47. Ka3 Qc1 48. Qd6 Ka5 49. Qc7+ Ka6 50. Kb3 Qf1 51. Qd6 Qc4+ 52. Ka3 b5 53. axb5+ Qxb5 54. b3 Qa5+ 55. Kb2 Qb5 56. Qxe6 Qe2+ 57. Ka3 Kb6 58. Qg6 Qe1 59. Kb2 a5 60. Qc2 Qe3 61. Ka3 Qe1 62. Qb2 Kb5 63. Ka2 Qe3 64. Qc2 Qe1 65. c4+ dxc4 66. Qxc4+ Kb6 67. Qc5+ Kb7 68. Kb2 Qd2+ 69. Ka3 Qe1 70. b4 Qa1+ 71. Kb3 a4+ 72. Kc4 a3 73. Qe7+ Ka6 74. Qd8 a2 75. Qa8+ Kb6 76. Qb8+ Ka6 77. b5+ cxb5+ 78. Qxb5+ Ka7 79. Qd7+ Ka6 80. Qc6+ Ka7 81. Qc7+ 1/2-1/2

[Event "Najdorf Memorial-A 2022"]
[Site "Warsaw"]
[Date "2022.07.11"]
[Round "3.4"]
[White "Padalka, Artem"]
[Black "Romanishin, Oleg M"]
[Result "0-1"]
[ECO "A20"]
[WhiteElo "2204"]
[BlackElo "2404"]
[Annotator "ChessBase"]
[PlyCount "106"]
[EventDate "2022.07.09"]
[EventType "swiss"]
[EventCountry "POL"]
[SourceTitle "playchess.com"]
[Source "ChessBase"]
[SourceQuality "1"]
[TimeControl "40/5400+30:1800+30"]

1. c4 e5 2. g3 Nf6 3. Bg2 c6 4. d3 d5 5. Nf3 dxc4 6. Nc3 cxd3 7. Nxe5 Nbd7 8. Nxd3 Nc5 9. Nxc5 Qxd1+ 10. Kxd1 Bxc5 11. e3 Be6 12. b3 O-O-O+ 13. Ke2 Bf5 14. Rd1 Rxd1 15. Nxd1 Rd8 16. Bb2 Bb4 17. Bd4 Ba3 18. f3 c5 19. Bxc5 Bxc5 20. Rc1 b6 21. b4 Nd7 22. bxc5 Nxc5 23. e4 Be6 24. Rc2 Kb8 25. Ne3 Rd4 26. h4 Ra4 27. Nd5 Bxd5 28. exd5 Kc7 29. Rd2 Kd6 30. Bh3 g6 31. Ke3 Ra3+ 32. Kf4 Nd3+ 33. Kg5 Ne5 34. Rf2 Nxf3+ 35. Kh6 Ne5 36. Rg2 Rc3 37. Kxh7 b5 38. Kg7 a5 39. h5 gxh5 40. Bf5 b4 41. Kf6 Rf3 42. Re2 Nd7+ 43. Kg5 f6+ 44. Kg6 Rxg3+ 45. Kf7 Ne5+ 46. Kxf6 Ng4+ 47. Kg7 Ne3+ 48. Bg6 h4 49. Kf7 h3 50. Be4 Ng4 51. Bh1 Re3 52. Rc2 Re1 53. Rc6+ Kd7 0-1